 Dungeon Sprint DCSS version 0.30-a0-728-gc68057be0a (webtiles) character file.

Game seed: 1170808787796287919

23417 valliere the Phalangite (level 13, -1/147 (150) HPs)
             Began as a Merfolk Gladiator on Jan 30, 2023.
             Was an Elder of Jiyva.
             Slain by a pharaoh ant (5 damage)
             ... in the Dungeon (Sprint V: "Ziggurat Sprint").
             The game lasted 00:18:01 (972 turns).

valliere the Phalangite (Merfolk Gladiator)          Turns: 972, Time: 00:18:01

HP:   -1/147 (150)  AC: 29    Str: 31    XL:     13   Next: 6%
MP:   9/13          EV: 16    Int:  7    God:    Jiyva [****..]
Gold: 0             SH: 36    Dex: 21    Spells: 12/12 levels left

rFire   + + .      SeeInvis .    D - +8 lance "Wyrmbane" {slay drac, rPois rF+ rC+ AC+3}
rCold   + + .      Faith    .    F - +18 shield of the Gong {Loud rElec rN+ Will+ EV-5}
rNeg    + . .      Spirit   .    o - +5 gold dragon scales
rPois   +          Reflect  .    c - +0 helmet
rElec   +          Harm     .    (no cloak)
rCorr   +          Rampage  .    (no gloves)
Will    +....      NoTele   +    O - +2 pair of slick slippers {slick, slippery, EV+5} Stlth
                                 L - amulet of Ewkukhitt {Regen+ Dex+5}
HPRegen 2.52/turn                z - +6 ring of strength
MPRegen 0.53/turn                A - +6 ring of strength

@: lightly drained
A: (nimble swimmer 2), mertail, large bone plates 1, robust 3
a: Renounce Religion, Oozemancy, Slimify


You were in the Dungeon.
You worshipped Jiyva.
Jiyva was greatly pleased with you.
You visited 1 branch

Inventory:

Hand Weapons
 D - the +8 lance "Wyrmbane" (weapon) {slay drac, rPois rF+ rC+ AC+3}
   (You found it in the Dungeon)

   AC:        It affects your AC (+3).
   rF:        It protects you from fire.
   rC:        It protects you from cold.
   rPois:     It protects you from poison.
 E - the +13 scythe of Curses {drain, curses, Drain}
   (You found it in the Dungeon)

   Drain:     It drains your maximum health when unequipped.
 I - the +10 zealot's sword {holy, Zealotry, *Rage rN+ EV+3}
   (You found it in the Dungeon)

   Zealotry:  Whenever the wielder enters a berserk rage, their allies are
   berserked alongside them.
   EV:        It affects your evasion (+3).
   rN:        It protects you from negative energy.
   *Rage:     It berserks you when you make melee attacks (+20% chance).
 M - the +9 staff of Olgreb {rPois∞}
   (You found it in the Dungeon)

   It enhances your poison magic.
   It grants immunity to poison.
   It can be activated via the 'a'bility menu to radiate toxic energy, with
   effectiveness depending on Evocations skill.
Missiles
 d - 3 throwing nets (quivered)
Armour
 c - a +0 helmet (worn)
 o - +5 gold dragon scales (worn)
 F - the +18 shield of the Gong (worn) {Loud rElec rN+ Will+ EV-5}
   (You found it in the Dungeon)

   Loud:      It is deafeningly noisy when blocking attacks.
   EV:        It affects your evasion (-5).
   rElec:     It insulates you from electricity.
   rN:        It protects you from negative energy.
   Will:      It increases your willpower.
 H - a +1 pair of boots of rampaging
 O - the +2 pair of slick slippers (worn) {slick, slippery, EV+5}
   (You found it in the Dungeon)

   Slick:     Its wearer cannot be constricted, engulfed, netted or webbed.
   Slippery:  It slips away from damaging melee attacks, pulling the attacker
   onward.
   EV:        It affects your evasion (+5).
Jewellery
 a - an amulet of reflection
 e - a ring of ice
 u - a ring of flight
 v - a +6 ring of dexterity
 w - a +6 ring of dexterity
 x - a +6 ring of intelligence
 y - a +6 ring of intelligence
 z - a +6 ring of strength (left hand)
 A - a +6 ring of strength (right hand)
 J - a ring of see invisible
 K - a ring of poison resistance
 L - the amulet of Ewkukhitt (around neck) {Regen+ Dex+5}
   (You found it in the Dungeon)

   [amulet of regeneration]

   Dex:       It affects your dexterity (+5).
   Regen:     It increases your rate of health regeneration.
 N - the amulet "Henonyw" {Spirit Will+}
   (You found it in the Dungeon)

   [amulet of guardian spirit]

   It causes incoming damage to be divided between your reserves of health and
   magic.
   Will:      It increases your willpower.
Wands
 B - a wand of mindburst (7)
 C - a wand of acid (6)
Scrolls
 b - 8 scrolls of enchant weapon
 k - 3 scrolls of blinking
 q - 4 scrolls of amnesia
 r - 7 scrolls of fog
 s - 5 scrolls of identify
 t - a scroll of fear
 P - a scroll of brand weapon
Potions
 f - 9 potions of curing
 g - 6 potions of heal wounds
 h - 6 potions of haste
 i - 7 potions of magic
 j - 3 potions of berserk rage
 l - 2 potions of brilliance
 m - 2 potions of invisibility
 n - 4 potions of resistance
 p - 5 potions of might
Miscellaneous
 G - a lightning rod (2/4)


   Skills:
 + Level 15.6 Fighting
 * Level 24.8 Polearms
 - Level 2.0 Throwing
 + Level 11.1 Armour
 + Level 18.6 Dodging
 * Level 13.1 Shields


You had 12 spell levels left.
You didn't know any spells.
Your spell library contained the following spells:

 Spells                   Type           Power      Damage    Failure   Level
 Beastly Appendage        Tmut           0%         N/A       100%        1
 Freeze                   Ice            0%         1d3       100%        1
 Kiss of Death            Conj/Necr      0%         2d5       100%        1
 Sandblast                Erth           0%         2d4       100%        1
 Shock                    Conj/Air       0%         1d3       100%        1
 Call Imp                 Summ           0%         N/A       100%        2
 Ensorcelled Hibernation  Hex/Ice        0%         N/A       100%        2
 Searing Ray              Conj           0%         2d4       100%        2
 Call Canine Familiar     Summ           0%         N/A       100%        3
 Gell's Gravitas          Tloc           0%         N/A       100%        3
 Hailstorm                Conj/Ice       0%         3d3       100%        3
 Ignite Poison            Fire/Tmut/Pois 0%         N/A       100%        3
 Inner Flame              Hex/Fire       0%         N/A       100%        3
 Portal Projectile        Hex/Tloc       0%         N/A       100%        3
 Spider Form              Tmut/Pois      0%         N/A       100%        3
 Stone Arrow              Conj/Erth      0%         3d7       100%        3
 Teleport Other           Tloc           0%         N/A       100%        3
 Airstrike                Air            0%         2d(0-16)  100%        4
 Animate Armour           Summ/Erth      0%         N/A       100%        4
 Cause Fear               Hex            0%         N/A       100%        4
 Leda's Liquefaction      Hex/Erth       0%         N/A       100%        4
 Sticky Flame             Conj/Fire      0%         2d3       100%        4
 Summon Lightning Spire   Summ/Air       0%         N/A       100%        4
 Alistair's Intoxication  Tmut/Pois      0%         N/A       100%        5
 Blade Hands              Tmut           0%         N/A       100%        5
 Borgnjor's Vile Clutch   Necr/Erth      0%         N/A       100%        5
 Irradiate                Conj/Tmut      0%         3d11      100%        5
 Iskenderun's Battlesphe  Conj           0%         2d6       100%        5
 Lightning Bolt           Conj/Air       0%         1d11      100%        5
 Summon Forest            Summ/Tloc      0%         N/A       100%        5
 Yara's Violent Unravell  Hex/Tmut       0%         3d3       100%        5
 Conjure Ball Lightning   Conj/Air       0%         3x3d6     100%        6
 Dispersal                Tloc           0%         N/A       100%        6
 Eringya's Noxious Bog    Tmut/Pois      0%         N/A       100%        6
 Iron Shot                Conj/Erth      0%         9d1       100%        6
 Enfeeble                 Hex            0%         N/A       100%        7
 Malign Gateway           Summ/Tloc      0%         N/A       100%        7
 Spellforged Servitor     Conj/Summ      0%         N/A       100%        7
 Borgnjor's Revivificati  Necr           0%         N/A       100%        8
 Discord                  Hex            0%         N/A       100%        8
 Disjunction              Tloc           0%         N/A       100%        8
 Ignition                 Fire           0%         3d3       100%        8
 Infestation              Necr           0%         N/A       100%        8
 Necromutation            Tmut/Necr      0%         N/A       100%        8
 Death's Door             Necr           0%         N/A       100%        9
 Polar Vortex             Ice            0%         N/A       100%        9


Dungeon Overview and Level Annotations

Branches:
Dungeon (1/1)

Altars:
Ashenzari
Cheibriados
Dithmenos
Elyvilon
Fedhas
Gozag
Hepliaklqana
Kikubaaqudgha
Makhleb
Nemelex Xobeh
Okawaru
Qazlal
Ru
Sif Muna
Trog
Uskayaw
Vehumet
Wu Jian
Xom
Yredelemnul
Zin
The Shining One
Jiyva
Lugonu

Annotations:
D 1 transporter


Innate Abilities, Weirdness & Mutations

((You are very nimble when in or above water. (Stealth+, EV+, Speed+++)))
Your lower body shifts to a powerful aquatic tail in water.
You are partially covered in large bone plates. (SH +4)
You are extremely robust. (+30% HP)


Message History

The thunderbolt hits the moth of wrath!
The moth of wrath is heavily wounded.
The demonic crawler rages.
The pharaoh ant closely misses you. You block the pharaoh ant's attack.
GONNNNG!
You block the pharaoh ant's attack.
SHROANNG!
Your lightning rod (3/4) has regained one charge.
Aiming: Thunderbolt
Press: ? - help, Shift-Dir - straight line, f - orb spider
Aim: an orb spider (summoned, fully charged)
The thunderbolt hits the pharaoh ant!
The pharaoh ant is severely damaged.
The thunderbolt hits the jumping spider!
The jumping spider is moderately wounded.
The thunderbolt hits the pharaoh ant!
The pharaoh ant is almost destroyed.
The thunderbolt hits the demonic crawler.
The demonic crawler is lightly wounded.
The thunderbolt hits the wolf spider!
The wolf spider is almost dead.
The thunderbolt hits the pharaoh ant!
The pharaoh ant is heavily damaged.
The thunderbolt hits the broodmother!
The broodmother is severely wounded.
The thunderbolt hits the orb spider!
The orb spider is severely wounded.
The thunderbolt hits the redback!
You kill the redback!
The redback's corpse disappears in a puff of smoke!
The thunderbolt hits the orb spider!
The orb spider is lightly wounded.
The thunderbolt hits the moth of wrath!
The moth of wrath is almost dead.
You block the pharaoh ant's attack.
GONNNNG!
The pharaoh ant bites you!!
* * * LOW HITPOINT WARNING * * *
You partially resist.
You feel drained.
You die...

▓▓▓▓▓▓▓▓▓▓ ▓▓▓▓▓▓
▓....8©8.. ▓.8©8.
▓..|:[)||} ▓.[...
▓..:))}||) ▓..)..
▓.@B.s......▓▓.....
▓BBB†.......▓▓.....
▓.sss.y.....▓▓...†.
▓..s.s......▓▓..©..
▓...........▓▓▓▓▓▓▓
▓..▓.....▓..▓..8©8.
▓.....†.....▓..)}..
▓....†©..†..▓...[..
▓▓▓▓▓▓▓▓▓▓▓▓▓...)).


You could see a broodmother (berserk, very poisoned), a demonic crawler
(berserk), a wolf spider, a moth of wrath (very poisoned), 2 orb spiders, 4
pharaoh ants and a jumping spider (summoned).

Vanquished Creatures
  A deep elf master archer (D)
  A sphinx (D)
  A deep elf sorcerer (D)
  A vault warden (D)
  A broodmother (D)
  An ironbound preserver (D)
  A stone giant (D)
  2 deep elf annihilators (D)
  A yaktaur captain (D)
  3 vault guards (D)
  A jorogumo (D)
  A dancing weapon (D)
  A two-headed ogre (D)
  A hell hog (D)
  A pharaoh ant (D)
  An orb spider (D)
  A deep elf pyromancer (D)
  A wolf spider (D)
  2 deep elf zephyrmancers (D)
  An orc sorcerer (D)
  An ugly thing (D)
  2 vault sentinels (D)
  A torpor snail (D)
  A yaktaur (D)
  2 trolls (D)
  4 hornets (D)
  3 tarantellas (D)
  Sigmund (D)
  A jumping spider (D)
  6 culicivoras (D)
  3 spriggans (D)
  A water elemental (D)
  5 fire elementals (D)
  2 redbacks (D)
  2 wargs (D)
  2 hell hounds (D)
  A swamp drake (shapeshifter) (D)
  2 orc warriors (D)
  A black bear (D)
  An ogre (D)
  3 centaurs (D)
  2 wolves (D)
  A scorpion (shapeshifter) (D)
  An iguana (shapeshifter) (D)
  Jessica (D)
  An orc wizard (D)
  An adder skeleton (D)
  2 ball python zombies (D)
78 creatures vanquished.

Vanquished Creatures (others)
  2 pandemonium lords (D)
  A titan (shapeshifter) (D)
  2 sphinxes (shapeshifter) (D)
  A cacodemon (D)
  A dire elephant (D)
  A satyr (shapeshifter) (D)
  A deep elf knight (D)
  2 fire crabs (shapeshifter) (D)
  A sixfirhy (D)
  A glowing orange brain (shapeshifter) (D)
  2 moths of wrath (shapeshifter) (D)
  2 rust devils (D)
  2 orange demons (D)
  A cane toad (shapeshifter) (D)
  A rime drake (shapeshifter) (D)
  A polar bear (shapeshifter) (D)
  A wind drake (shapeshifter) (D)
  A raiju (shapeshifter) (D)
  2 jumping spiders (shapeshifter) (D)
  A golden eye (shapeshifter) (D)
  A warg (shapeshifter) (D)
  A water moccasin (shapeshifter) (D)
  3 floating eyes (shapeshifter) (D)
  14 jellies (D)
  A river rat (shapeshifter) (D)
47 creatures vanquished.

Grand Total: 125 creatures vanquished

Notes
Turn   | Place    | Note
-------+----------+-------------------------------------------
     0 | D        | valliere the Merfolk Gladiator began the quest for the Orb.
     0 | D        | Reached XP level 1. HP: 16/16 MP: 1/1
     0 | D        | Found a shimmering blue altar of Sif Muna.
     0 | D        | Found a sacrificial altar of Ru.
     0 | D        | Found a bloodstained altar of Trog.
     0 | D        | Found a stormy altar of Qazlal.
     0 | D        | Found an iron altar of Okawaru.
     0 | D        | Found a sparkling altar of Nemelex Xobeh.
     0 | D        | Found a blossoming altar of Fedhas.
     0 | D        | Found the +6 Majin-Bo {spellvamp, MP+6 Int+6}
     0 | D        | Found the +27 heavy crossbow "Sniper" {heavy, Acc+∞ SInv}
     0 | D        | Found the +10 dark maul {heavy}
     0 | D        | Found the +15 Maxwell's patent armour {-Cast -Tele rElec
                  | Will+ rCorr}
     0 | D        | Found the +18 shield of the Gong {Loud rElec rN+ Will+
                  | EV-5}
     0 | D        | Found the +16 obsidian axe {drain, demonic, Mesm Drain Fly
                  | SInv}
     0 | D        | Found the +7 great mace "Firestarter" {flame, inner flame,
                  | rFlCloud rF++}
     0 | D        | Found the +6 shillelagh "Devastator" {shatter}
     0 | D        | Found the +11 plutonium sword {Contam Stlth-}
     0 | D        | Found the +8 lance "Wyrmbane" {slay drac, rPois rF+ rC+
                  | AC+3}
     0 | D        | Found the +9 sword of Zonguldrok {reap}
     0 | D        | Found the +13 scythe of Curses {drain, curses, Drain}
     0 | D        | Found the +9 sword of Power {lifebolt}
     0 | D        | Found the +7 mace of Variability {chaos, chain chaos}
     0 | D        | Found the +11 Singing Sword {sonic wave}
     0 | D        | Found the +8 storm bow {elec, penet}
     2 | D        | Found a transporter.
     2 | D        | Found an ancient bone altar of Kikubaaqudgha.
     2 | D        | Found a viscous altar of Jiyva.
     2 | D        | Found a corrupted altar of Lugonu.
     2 | D        | Found a hazy altar of Hepliaklqana.
     2 | D        | Found a burning altar of Makhleb.
     2 | D        | Found an opulent altar of Gozag.
    61 | D        | Reached skill level 7 in Polearms
    61 | D        | Reached skill level 1 in Armour
    61 | D        | Reached skill level 5 in Dodging
    61 | D        | Reached XP level 2. HP: 25/25 MP: 2/2
   108 | D        | Became a worshipper of Jiyva Jaruqudi the Shapeless
   111 | D        | Entered arena 2.
   111 | D        | Noticed Sigmund
   111 | D        | Noticed Jessica
   111 | D        | Found a transporter.
   112 | D        | Killed a golden eye
   114 | D        | Killed Jessica
   114 | D        | Killed a sphinx
   114 | D        | Killed a floating eye
   114 | D        | Killed a glowing orange brain
   114 | D        | Killed a jumping spider
   115 | D        | Reached XP level 3. HP: 23/31 MP: 3/3
   116 | D        | Killed Sigmund
   116 | D        | Killed a floating eye
   117 | D        | Reached skill level 10 in Polearms
   117 | D        | Reached XP level 4. HP: 28/40 MP: 4/4
   117 | D        | Reached XP level 5. HP: 32/46 MP: 5/5
   117 | D        | Killed a floating eye
   118 | D        | Killed a satyr
   119 | D        | Killed a raiju
   120 | D        | Killed a titan
   121 | D        | Killed a water moccasin
   125 | D        | Killed a warg
   125 | D        | Killed a moth of wrath
   125 | D        | Killed a fire crab
   126 | D        | Killed a wind drake
   129 | D        | Killed a polar bear
   130 | D        | Entered arena 3.
   130 | D        | Found a transporter.
   149 | D        | Killed a cane toad
   150 | D        | Killed a rime drake
   151 | D        | Killed a jumping spider
   153 | D        | Killed a fire crab
   170 | D        | Killed a sphinx
   183 | D        | Entered arena 4.
   183 | D        | Found the +3 Elemental Staff {rElec rF++ rC++ AC+5}
   183 | D        | Noticed a white ugly thing
   183 | D        | Noticed an ogre
   183 | D        | Noticed a swamp drake
   183 | D        | Reached * piety under Jiyva
   183 | D        | Found a transporter.
   189 | D        | Reached skill level 11 in Polearms
   189 | D        | Reached XP level 6. HP: 53/53 MP: 6/6
   190 | D        | a swamp drake changed into a sky beast
   190 | D        | Noticed a sky beast (shapeshifter)
   195 | D        | a sky beast changed into a swamp drake
   195 | D        | Noticed a swamp drake (shapeshifter)
   199 | D        | Killed a swamp drake
   200 | D        | Reached skill level 12 in Polearms
   207 | D        | Killed a white ugly thing
   208 | D        | Reached skill level 13 in Polearms
   208 | D        | Reached skill level 5 in Armour
   208 | D        | Reached skill level 10 in Dodging
   208 | D        | Reached XP level 7. HP: 63/63 MP: 7/7
   214 | D        | Killed a moth of wrath
   218 | D        | Acquired a +1 pair of boots of rampaging
   229 | D        | Entered arena 5.
   229 | D        | Noticed a yaktaur
   229 | D        | Found a transporter.
   233 | D        | Reached skill level 14 in Polearms
   233 | D        | Reached XP level 8. HP: 67/70 MP: 8/8
   237 | D        | Killed a yaktaur
   238 | D        | Reached skill level 15 in Polearms
   248 | D        | Entered arena 6.
   248 | D        | Found a transporter.
   253 | D        | Got the +10 plate armour "Uklear" {Harm +Inv}
   259 | D        | Entered arena 7.
   259 | D        | Found the +10 zealot's sword {holy, Zealotry, *Rage rN+
                  | EV+3}
   259 | D        | Noticed a spriggan rider
   259 | D        | Noticed a spriggan rider
   259 | D        | Noticed a spriggan rider
   259 | D        | Reached ** piety under Jiyva
   271 | D        | Killed a hornet
   275 | D        | Killed a spriggan
   276 | D        | Reached skill level 16 in Polearms
   276 | D        | Reached XP level 9. HP: 52/78 MP: 9/9
   279 | D        | Reached skill level 10 in Fighting
   280 | D        | Killed a hornet
   286 | D        | Reached skill level 17 in Polearms
   296 | D        | Killed a hornet
   301 | D        | Found a transporter.
   308 | D        | Got the Opusculum on Vicissitude and the Tundra
   312 | D        | Got the Secrets of the Productive Cumulonimbus
   319 | D        | Entered arena 8.
   319 | D        | Noticed a shining eye
   320 | D        | Found a transporter.
   327 | D        | Got Wosmoibb's Precepts of Chthonic Transformation
   329 | D        | Entered arena 9.
   329 | D        | Noticed a shining eye
   329 | D        | Noticed a shining eye
   330 | D        | Found a transporter.
   339 | D        | Entered arena 10.
   339 | D        | Noticed a hell hog
   339 | D        | Reached *** piety under Jiyva
   339 | D        | Gained mutation: You are robust. (+10% HP) [Jiyva's grace]
   339 | D        | Gained mutation: You are very robust. (+20% HP) [Jiyva's
                  | grace]
   339 | D        | Gained mutation: You are extremely robust. (+30% HP)
                  | [Jiyva's grace]
   339 | D        | Gained mutation: You are partially covered in large bone
                  | plates. (SH +4) [Jiyva's grace]
   358 | D        | Killed a hell hog
   359 | D        | Reached skill level 18 in Polearms
   363 | D        | Reached XP level 10. HP: 68/114 MP: 10/10
   381 | D        | Reached skill level 19 in Polearms
   392 | D        | Killed a sixfirhy
   412 | D        | Found a transporter.
   420 | D        | Got the Thoughts on Tectonic Shades
   431 | D        | Entered arena 11.
   431 | D        | Noticed a vault sentinel
   431 | D        | Noticed a vault guard
   431 | D        | Noticed a vault guard
   431 | D        | Noticed a vault guard
   431 | D        | Noticed a vault warden
   431 | D        | Noticed an ironbound preserver
   431 | D        | Noticed a yaktaur captain
   431 | D        | Noticed a vault sentinel
   431 | D        | Noticed a sphinx
   442 | D        | Killed a sphinx
   468 | D        | Killed a vault sentinel
   469 | D        | Reached skill level 20 in Polearms
   501 | D        | Killed a vault warden
   502 | D        | Reached skill level 15 in Dodging
   513 | D        | Killed a vault guard
   514 | D        | Reached skill level 5 in Shields
   514 | D        | Reached XP level 11. HP: 24/126 MP: 11/11
   517 | D        | Killed an ironbound preserver
   518 | D        | Reached skill level 21 in Polearms
   535 | D        | Killed a vault guard
   558 | D        | Killed a vault guard
   565 | D        | Killed a yaktaur captain
   611 | D        | Found a transporter.
   617 | D        | Got the amulet of Ewkukhitt {Regen+ Dex+5}
   638 | D        | Entered arena 12.
   638 | D        | Noticed a deep elf pyromancer
   638 | D        | Noticed a deep elf sorcerer
   638 | D        | Noticed a deep elf zephyrmancer
   638 | D        | Noticed a deep elf master archer
   639 | D        | Noticed a deep elf annihilator
   639 | D        | Noticed a deep elf knight
   639 | D        | Identified the +5 broad axe of the Imbibing Whale {elec,
                  | rN+ Dex+2}
   639 | D        | Noticed a deep elf annihilator
   639 | D        | Noticed a deep elf zephyrmancer
   639 | D        | Noticed a +0 scimitar of electrocution
   640 | D        | Found a transporter.
   647 | D        | Killed a deep elf annihilator
   653 | D        | Killed a deep elf pyromancer
   654 | D        | Reached skill level 22 in Polearms
   655 | D        | Killed a deep elf zephyrmancer
   657 | D        | Killed a deep elf knight
   659 | D        | Killed a deep elf sorcerer
   668 | D        | Killed a +0 scimitar of electrocution
   669 | D        | Reached skill level 10 in Armour
   669 | D        | Reached XP level 12. HP: 104/139 MP: 12/12
   673 | D        | Killed a deep elf annihilator
   674 | D        | Reached skill level 10 in Shields
   677 | D        | Killed a deep elf master archer
   678 | D        | Reached skill level 23 in Polearms
   698 | D        | Killed a cacodemon
   709 | D        | Got Wokoocul's Parchment of Gelid Sciomancy
   721 | D        | Entered arena 13.
   721 | D        | Noticed a stone giant
   721 | D        | Noticed a two-headed ogre
   749 | D        | Killed a two-headed ogre
   766 | D        | Killed a stone giant
   796 | D        | Found a transporter.
   817 | D        | Entered arena 14.
   817 | D        | Noticed a great orb of eyes
   817 | D        | Reached **** piety under Jiyva
   819 | D        | Found the +9 staff of Olgreb {rPois∞}
   819 | D        | Found the +2 pair of slick slippers {slick, slippery, EV+5}
   820 | D        | Found a transporter.
   829 | D        | Got the amulet "Henonyw" {Spirit Will+}
   831 | D        | Killed Aselaq the pandemonium lord
   844 | D        | Entered arena 15.
   845 | D        | Noticed a broodmother
   845 | D        | Noticed a jorogumo
   855 | D        | Reached skill level 15 in Fighting
   863 | D        | Reached skill level 24 in Polearms
   868 | D        | Killed a broodmother
   869 | D        | Killed a dire elephant
   879 | D        | Killed a jorogumo
   902 | D        | Killed Aczoupe the pandemonium lord
   920 | D        | Found the +8 longbow "Zephyr" {speed, Dex+3 SInv}
   921 | D        | Found a transporter.
   937 | D        | Got Nett's Writings on the Volley
   948 | D        | Entered arena 16.
   948 | D        | Noticed a broodmother
   956 | D        | Reached XP level 13. HP: 128/150 MP: 7/13
   968 | D        | Found a transporter.
   972 | D        | HP: 4/150 [pharaoh ant (22)]
   972 | D        | Slain by a pharaoh ant

Illustrated notes

Levels and vault maps discovered:
D:        sprint_v [room_start, room_1, room_2, room_3, room_4, room_5, room_6,
          room_7, room_8, room_9, room_10, room_11, room_12, room_13, room_14,
          room_15, room_16, room_17, room_18, room_19, room_20, room_21,
          room_22, room_23, room_24, room_25, room_26, room_27]

Skill      XL: |  1  2  3  4  5  6  7  8  9 10 11 12 13 |
---------------+----------------------------------------+-----
Fighting       | 3 4 6 8 9 11 12 14 15 | 15.6
Polearms       | 7 10 11 13 14 16 18 20 22 24 | 24.8
Armour         | 1 2 3 4 5 6 7 8 10 11 | 11.1
Dodging        | 5 6 8 10 12 13 15 16 18 | 18.6
Shields        | 2 5 9 12 13 | 13.1
Throwing       | |  2.0

Action                     |  1- 3 |  4- 6 |  7- 9 | 10-12 | 13-15 || total
---------------------------+-------+-------+-------+-------+-------++-------
  Melee: Lance             |     5 |    29 |    64 |   285 |     9 ||   392
         Staff             |       |       |       |     4 |       ||     4
Ability: Evoke the Staff o |       |       |       |     4 |     1 ||     5
  Evoke: Lightning rod     |       |       |     3 |     4 |     3 ||    10
         Wand              |       |       |       |     1 |       ||     1
    Use: Potion            |     1 |       |       |     3 |     2 ||     6
         Scroll            |       |       |     1 |     1 |     1 ||     3
   Stab: Confused          |       |     1 |       |       |       ||     1
         Fleeing           |       |       |       |     1 |       ||     1
 Armour: Gold dragon scale |       |     2 |    35 |    91 |    20 ||   148
  Dodge: Dodged            |       |     1 |     6 |    78 |    37 ||   122
  Block: Kite shield       |     2 |    11 |   106 |   457 |    54 ||   630

Table legend: (Time is in decaauts)
 A = Elapsed time spent in this place.
 B = Non-inter-level travel time spent in this place.
 C = Inter-level travel time spent in this place.
 D = Time resting spent in this place.
 E = Time spent auto-exploring this place.
 F = Levels seen in this place.
 G = Mean time per level.
                   A        B        C        D        E       F      G
               +--------+--------+--------+--------+--------+-----+--------+
         Total |    854 |    854 |      0 |      0 |    181 |   1 |  854.0 |
       Dungeon |    854 |    854 |      0 |      0 |    181 |   1 |  854.0 |
               +--------+--------+--------+--------+--------+-----+--------+

Top non-repeatable levels by time:
       D: 854 daAuts
